 Dungeon Sprint DCSS version 0.17-a0-1718-g72dbe4d (webtiles) character file.

1024 Kidiri the Covert (level 8, -4/36 HPs)
             Began as a Spriggan Enchanter on Aug 26, 2015.
             Was a Believer of Dithmenos.
             Killed from afar by Josephine (18 damage)
             ... with a ghostly fireball
             ... in the Dungeon (Sprint III: "The Ten Rune Challenge").
             The game lasted 00:05:17 (910 turns).

Kidiri the Covert (Spriggan Enchanter)               Turns: 910, Time: 00:05:18

Health: -4/36      AC:  3    Str:  4    XL:     8   Next: 2%
Magic:  4/20       EV: 28    Int: 19    God:    Dithmenos [**....]
Gold:   38         SH:  0    Dex: 18    Spells: 5 memorised, 14 levels left

rFire  . . .     SeeInvis +     a - +1 dagger
rCold  . . .     Clarity  .     b - +1 robe
rNeg   . . .     SustAt   .     (shield restricted)
rPois  .         Gourm    .     (helmet restricted)
rElec  .         Spirit   .     (no cloak)
rCorr  .         Warding  .     (gloves unavailable)
rMut   .         NoTele   +     (boots unavailable)
MR     +....                    (no amulet)
Stlth  ++++......               (no ring)
                                (no ring)

@: wreathed by umbra, very quick, somewhat resistant to hostile enchantments,
stealthy
A: unfitting armour, see invisible, clever 1, herbivore 3, speed 3, low mp 1,
slow metabolism 2, spit poison 1
a: Spit Poison, Shadow Step, Renounce Religion


You were in the Dungeon.
You worshipped Dithmenos.
Dithmenos was pleased with you.
You were not hungry.

You visited 1 branch You collected 38 gold pieces.

Inventory:

Hand weapons
 a - a +1 dagger (weapon)
Armour
 b - a +1 robe (worn)
Scrolls
 j - a scroll of blinking
 k - 3 scrolls of fog
 m - a scroll of torment
 r - a scroll of immolation {unknown}
 s - a scroll of magic mapping {unknown}
Potions
 e - 2 potions of curing
 g - a potion of haste
 h - 2 potions of magic
 i - a potion of berserk rage
 p - a potion of cure mutation
 q - 4 potions of flight
Comestibles
 d - 2 bread rations
 o - 2 royal jellies


   Skills:
 + Level 5.9 Short Blades
 * Level 11.4 Dodging
 * Level 12.5 Stealth
 * Level 9.9 Spellcasting
 + Level 3.5 Conjurations
 + Level 7.8 Hexes
 + Level 4.2 Ice Magic
 - Level 2.6 Invocations


You had 14 spell levels left.
You knew the following spells:

 Your Spells              Type           Power        Failure   Level  Hunger
a - Corona                Hex            #####..      1%          1    None
b - Ensorcelled Hibernat  Hex/Ice        ####..       1%          2    None
c - Confuse               Hex            #####...     1%          3    None
d - Tukima's Dance        Hex            #####...     1%          3    None
e - Dazzling Spray        Conj/Hex       ####....     1%          3    None


Dungeon Overview and Level Annotations

Branches:
Dungeon (1/1)

Altars:
Cheibriados
Dithmenos
Elyvilon
Fedhas
Gozag
Kikubaaqudgha
Makhleb
Nemelex Xobeh
Okawaru
Qazlal
Ru
Sif Muna
Trog
Vehumet
Xom
Yredelemnul
Zin
The Shining One
Jiyva
Lugonu

Annotations:
D Josephine


Innate Abilities, Weirdness & Mutations

You are tiny and cannot use many weapons and most armour.
You have supernaturally acute eyesight.
You are a herbivore.
You cover ground extremely quickly.
You need consume almost no food.
Your mind is acute. (Int +2)
Your magical capacity is low (-10% MP).
You can spit weak poison.


Message History

Press: ? - help, Shift-Dir - straight line, f/p - Josephine
Aim: Josephine, wearing a robe (black smoke, umbra)
The spray of energy hits Josephine.
Josephine is lightly wounded.
Your dagger misses Josephine.
Your dagger hits Josephine but does no damage.
Josephine hits you.
Casting: Dazzling Spray
Confirm with . or Enter, or press ? or * to list all spells.
Aiming: Dazzling Spray
Press: ? - help, Shift-Dir - straight line, f/p - Josephine
Aim: Josephine, wearing a robe (black smoke, lightly wounded, umbra)
The spray of energy hits Josephine.
Josephine is moderately wounded.
Your dagger hits Josephine but does no damage.
Your dagger hits Josephine. Josephine casts a spell at you.
The ghostly flame explodes!
The ghostly fireball engulfs you!
Ouch! That really hurt!
You die...

♣.#___#__[#__#
♣.#)..#...#%_#
..###+#+###+##
..#..........#
..')⌠........#
♣.#...######'#
..#.⌠.#__#...#+#####
..#...#__#...#.§§§§+
..#+###__#...#.#@(§#
..#.))#__#...'.#@§§#
..#___#_.+...#.#§§§#
▓▓▓▓▓▓▓▓▓▓▓▓▓▓▓▓▓▓▓▓


You could see Josephine and a friendly dagger.

Vanquished Creatures
  A deep elf priest (D)
  A shadow (D)
  A spatial vortex (D)
  A necrophage (D)
  A water elemental (D)
  A jelly (D)
  A wolf (D)
  A wizard (D)
  A necromancer (D)
  3 humans (D)
  A kobold demonologist (D)
  2 oozes (D)
  2 rats (D)
17 creatures vanquished.

Vanquished Creatures (others)
  2 draconian scorchers (D)
  A yaktaur (D)
  4 plants (D)
7 creatures vanquished.

Grand Total: 24 creatures vanquished

Notes
Turn   | Place    | Note
--------------------------------------------------------------
     0 | D        | Kidiri the Spriggan Enchanter began the quest for the Orb.
     0 | D        | Reached XP level 1. HP: 9/9 MP: 5/5
     4 | D        | Reached skill level 5 in Stealth
     7 | D        | Reached XP level 2. HP: 13/13 MP: 5/7
    11 | D        | Learned a level 2 spell: Ensorcelled Hibernation
    51 | D        | Noticed a wolf
    52 | D        | Reached skill level 5 in Dodging
    52 | D        | Reached skill level 6 in Stealth
    52 | D        | Reached XP level 3. HP: 14/16 MP: 6/10
    73 | D        | Learned a level 3 spell: Confuse
    77 | D        | Learned a level 3 spell: Tukima's Dance
   102 | D        | Killed a yaktaur
   129 | D        | Killed a wolf
   129 | D        | Reached skill level 5 in Spellcasting
   129 | D        | Reached skill level 1 in Ice Magic
   164 | D        | Learned a level 3 spell: Dazzling Spray
   165 | D        | Gained mutation: Your spells are a little harder to cast, but a little more powerful. [potion of mutation]
   165 | D        | Gained mutation: Your mind is acute. (Int +2) [potion of mutation]
   166 | D        | Lost mutation: Your spells are a little harder to cast, but a little more powerful. [potion of mutation]
   166 | D        | Gained mutation: Your magical capacity is low (-10% MP). [potion of mutation]
   166 | D        | Gained mutation: You can spit weak poison. [potion of mutation]
   176 | D        | Killed a white draconian scorcher
   178 | D        | Killed a white draconian scorcher
   224 | D        | Noticed a water elemental
   227 | D        | Killed a water elemental
   227 | D        | Reached skill level 8 in Stealth
   227 | D        | Reached skill level 1 in Conjurations
   227 | D        | Reached skill level 5 in Hexes
   227 | D        | Reached XP level 4. HP: 21/21 MP: 9/11
   236 | D        | Noticed a jelly
   237 | D        | Noticed a shadow
   239 | D        | Killed a shadow
   239 | D        | Reached skill level 9 in Stealth
   239 | D        | Reached XP level 5. HP: 24/24 MP: 10/14
   239 | D        | Reached XP level 6. HP: 28/28 MP: 10/15
   243 | D        | Killed a jelly
   243 | D        | Reached skill level 10 in Stealth
   282 | D        | Found a stormy altar of Qazlal.
   282 | D        | Noticed a spatial vortex
   283 | D        | Found a sacrificial altar of Ru.
   283 | D        | Found a burning altar of Makhleb.
   283 | D        | Found a viscous altar of Jiyva.
   283 | D        | Found a shimmering altar of Xom.
   283 | D        | Found a shadowy altar of Dithmenos.
   283 | D        | Found a sparkling altar of Nemelex Xobeh.
   283 | D        | Found a corrupted altar of Lugonu.
   283 | D        | Found an opulent altar of Gozag.
   287 | D        | Became a worshipper of Dithmenos the Shadowed
   487 | D        | Killed a spatial vortex
   487 | D        | Reached skill level 1 in Invocations
   679 | D        | Found a radiant altar of Vehumet.
   680 | D        | Found a deep blue altar of Sif Muna.
   680 | D        | Found an ancient bone altar of Kikubaaqudgha.
   680 | D        | Noticed a wizard
   681 | D        | Killed a wizard
   683 | D        | Reached skill level 11 in Stealth
   698 | D        | Found a glowing silver altar of Zin.
   699 | D        | Found a glowing golden altar of the Shining One.
   699 | D        | Found a white marble altar of Elyvilon.
   699 | D        | Noticed a deep elf priest
   701 | D        | Killed a deep elf priest
   701 | D        | Reached skill level 5 in Short Blades
   701 | D        | Reached skill level 10 in Dodging
   701 | D        | Reached XP level 7. HP: 32/32 MP: 16/18
   711 | D        | Found an iron altar of Okawaru.
   711 | D        | Found a bloodstained altar of Trog.
   711 | D        | Noticed a human
   711 | D        | Noticed a human
   743 | D        | Killed a human
   743 | D        | Reached skill level 12 in Stealth
   747 | D        | Killed a human
   873 | D        | Found a snail-covered altar of Cheibriados.
   873 | D        | Noticed a necrophage
   874 | D        | Found a basalt altar of Yredelemnul.
   874 | D        | Found a blossoming altar of Fedhas.
   874 | D        | Noticed a necromancer
   875 | D        | Killed a necrophage
   875 | D        | Acquired Dithmenos's first power
   875 | D        | Reached XP level 8. HP: 36/36 MP: 20/20
   878 | D        | Killed a necromancer
   903 | D        | Noticed Josephine
   910 | D        | Killed from afar by Josephine

Vault maps used:
D:        dungeon_sprint_mu

Action                   |  1- 3 |  4- 6 |  7- 9 || total
-------------------------+-------+-------+-------++-------
Melee: Dagger            |     8 |    13 |    24 ||    45
 Cast: Ensorcelled Hiber |     6 |       |     7 ||    13
       Dazzling Spray    |       |     6 |     5 ||    11
       Confuse           |       |       |     2 ||     2
       Corona            |       |       |     1 ||     1
       Tukima's Dance    |       |       |     1 ||     1
  Use: Scroll            |     4 |       |       ||     4
       Potion            |     2 |       |     1 ||     3
 Stab: Sleeping          |     8 |     5 |     2 ||    15
       Confused          |       |       |     1 ||     1
